TOP OF THE 1ST |
San Diego (APP) Padres batting - Pitching for Bristol Pirates : RHP George Sechler
|
Pitching: RHP George Sechler
|
|
Batting: RHB Ryan Tatum
|
0-0: Fly out, F8 (Line Drive, 8LD, EV 96.3 MPH)
|
Batting: LHB Rogelio Nunez
|
0-0: Swinging Strike 0-1: Ball 1-1: Ground out 4-3 (Groundball, 4, EV 107.5 MPH)
|
Batting: LHB Carlos Cuellar
|
0-0: Called Strike 0-1: Ball 1-1: Ball 2-1: Called Strike 2-2: Foul Ball, location: 2F 2-2: SINGLE (Groundball, 56D, EV 96.9 MPH)
|
Batting: RHB Aaron Joseph
|
0-0: Called Strike 0-1: Ball 1-1: Ball 2-1: Ball 3-1: Ground out U3 (Groundball, 34, EV 103.8 MPH)
|
Top of the 1st over - 0 runs, 1 hit, 0 errors, 1 left on base; San Diego (APP) 0 - Bristol 0 |
BOTTOM OF THE 1ST |
Bristol Pirates batting - Pitching for San Diego (APP) Padres : RHP Roger Watkins
|
Pitching: RHP Roger Watkins
|
|
Batting: RHB Perry Dominey
|
0-0: Ball 1-0: Ball 2-0: Foul Ball, location: 2F 2-1: Ball 3-1: Fly out, F3 (Flyball, 3D, EV 85.6 MPH)
|
Batting: RHB Randy Bergman
|
0-0: Ball 1-0: Ball 2-0: Ball 3-0: Called Strike 3-1: Called Strike 3-2: Ground out 6-3 (Groundball, 6S, EV 90.0 MPH)
|
Batting: RHB Etsuro Hosokawa
|
0-0: Called Strike 0-1: Swinging Strike 0-2: Ball 1-2: Ground out 4-3 (Groundball, 4, EV 89.4 MPH)
|
Bottom of the 1st over - 0 runs, 0 hits, 0 errors, 0 left on base; San Diego (APP) 0 - Bristol 0 |
TOP OF THE 2ND |
San Diego (APP) Padres batting - Pitching for Bristol Pirates : RHP George Sechler
|
Batting: LHB Ramon Padilla
|
0-0: Ball 1-0: Ball 2-0: Ball 3-0: Base on Balls
|
Batting: RHB Tyler West
|
0-0: Called Strike 0-1: Foul Ball, location: 2F 0-2: Ball 1-2: Ball 2-2: Ball 3-2: Base on Balls Ramon Padilla to second
|
Batting: RHB Max Stillo
|
0-0: Ball 1-0: Ball 2-0: Fielders Choice at 2nd, 5-4 (Groundball, 5, EV 84.4 MPH) Ramon Padilla to third
|
Batting: RHB Brent Little
|
0-0: Called Strike 0-1: Ball 1-1: Called Strike 1-2: Strikes out looking
|
Batting: RHB Justin Blount
|
0-0: Foul Ball, location: 2F 0-1: Fielders Choice at 2nd, 6-4 (Groundball, 6, EV 85.6 MPH)
|
Top of the 2nd over - 0 runs, 0 hits, 0 errors, 2 left on base; San Diego (APP) 0 - Bristol 0 |
BOTTOM OF THE 2ND |
Bristol Pirates batting - Pitching for San Diego (APP) Padres : RHP Roger Watkins
|
Batting: RHB Jaime Dubicki
|
0-0: Swinging Strike 0-1: Called Strike 0-2: Ball 1-2: Ball 2-2: Ball 3-2: Base on Balls
|
Batting: LHB Tomohiro Yokoyama
|
0-0: Ball 1-0: Ball 2-0: Called Strike 2-1: Ball 3-1: DOUBLE (Flyball, 78D, EV 106.9 MPH) Jaime Dubicki to third
|
Batting: RHB Pete Hutton
|
0-0: Ball Wild Pitch! Jaime Dubicki scores Tomohiro Yokoyama to third 1-0: Called Strike 1-1: Ball 2-1: Ball 3-1: Base on Balls
|
Batting: RHB Andrew DeRicco
|
0-0: Ball Pete Hutton is caught stealing 2nd base 2-4 1-0: Called Strike 1-1: Swinging Strike 1-2: Ball 2-2: Ball 3-2: Strikes out swinging
|
Batting: RHB Gilberto Victoria
|
0-0: Called Strike 0-1: Reached on error, E6 (Groundball, 6, EV 90.6 MPH) Tomohiro Yokoyama scores
|
Batting: RHB Rob Colley
|
0-0: Called Strike 0-1: Called Strike 0-2: Strikes out looking
|
Bottom of the 2nd over - 2 runs, 1 hit, 1 error, 1 left on base; San Diego (APP) 0 - Bristol 2 |
TOP OF THE 3RD |
San Diego (APP) Padres batting - Pitching for Bristol Pirates : RHP George Sechler
|
Batting: RHB Ryan Tatum
|
0-0: Ball 1-0: Fly out, F8 (Line Drive, 8RM, EV 85.6 MPH)
|
Batting: LHB Rogelio Nunez
|
0-0: Ball 1-0: Ball 2-0: Ball 3-0: Called Strike 3-1: Called Strike 3-2: Base on Balls
|
Batting: LHB Carlos Cuellar
|
0-0: Called Strike 0-1: Ball 1-1: Swinging Strike 1-2: Strikes out swinging
|
Batting: RHB Aaron Joseph
|
0-0: Ball 1-0: Ball 2-0: Ground out 4-3 (Groundball, 34, EV 85.6 MPH)
|
Top of the 3rd over - 0 runs, 0 hits, 0 errors, 1 left on base; San Diego (APP) 0 - Bristol 2 |
BOTTOM OF THE 3RD |
Bristol Pirates batting - Pitching for San Diego (APP) Padres : RHP Roger Watkins
|
Batting: RHB Perry Dominey
|
0-0: Fly out, F9 (Flyball, 9, EV 87.5 MPH)
|
Batting: RHB Randy Bergman
|
0-0: Called Strike 0-1: Swinging Strike 0-2: Foul Ball, location: 2F 0-2: Foul Ball, location: 2F 0-2: Ball 1-2: Strikes out swinging
|
Batting: RHB Etsuro Hosokawa
|
0-0: Fly out, F8 (Flyball, 8LD, EV 100.0 MPH)
|
Bottom of the 3rd over - 0 runs, 0 hits, 0 errors, 0 left on base; San Diego (APP) 0 - Bristol 2 |
TOP OF THE 4TH |
San Diego (APP) Padres batting - Pitching for Bristol Pirates : RHP George Sechler
|
Batting: LHB Ramon Padilla
|
0-0: Ball 1-0: Ball 2-0: Foul Ball, location: 2F 2-1: Ball 3-1: Ground out 4-3 (Groundball, 4, EV 78.1 MPH)
|
Batting: RHB Tyler West
|
0-0: Ball 1-0: Foul Ball, location: 2F 1-1: Fly out, F2 (Popup, 3SF, EV 73.8 MPH)
|
Batting: RHB Max Stillo
|
0-0: Ball 1-0: Ball 2-0: Foul Ball, location: 2F 2-1: Ball 3-1: Foul Ball, location: 2F 3-2: Foul Ball, location: 2F 3-2: Strikes out swinging, 2-3 out at first.
|
Top of the 4th over - 0 runs, 0 hits, 0 errors, 0 left on base; San Diego (APP) 0 - Bristol 2 |
BOTTOM OF THE 4TH |
Bristol Pirates batting - Pitching for San Diego (APP) Padres : RHP Roger Watkins
|
Batting: RHB Jaime Dubicki
|
0-0: Called Strike 0-1: Swinging Strike 0-2: Ground out 1-3 (Groundball, 13S, EV 73.8 MPH)
|
Batting: LHB Tomohiro Yokoyama
|
0-0: Ball 1-0: Foul Ball, location: 2F 1-1: Called Strike 1-2: Ball 2-2: Ball 3-2: Foul Ball, location: 2F 3-2: Strikes out swinging
|
Batting: RHB Pete Hutton
|
0-0: Ball 1-0: SINGLE (Groundball, 34D, EV 96.9 MPH)
|
Batting: RHB Andrew DeRicco
|
0-0: Ball 1-0: Ball 2-0: Called Strike 2-1: Called Strike 2-2: Strikes out swinging
|
Bottom of the 4th over - 0 runs, 1 hit, 0 errors, 1 left on base; San Diego (APP) 0 - Bristol 2 |
TOP OF THE 5TH |
San Diego (APP) Padres batting - Pitching for Bristol Pirates : RHP George Sechler
|
Batting: RHB Brent Little
|
0-0: Ball 1-0: Foul Ball, location: 2F 1-1: Ground out 5-3 (Groundball, 56, EV 100.6 MPH)
|
Batting: RHB Justin Blount
|
0-0: Ball 1-0: Called Strike 1-1: SOLO HOME RUN (Line Drive, 7LD, EV 93.8 MPH), Distance : 353 ft
|
Batting: RHB Ryan Tatum
|
0-0: Ball 1-0: Called Strike 1-1: Foul Ball, location: 2F 1-2: Ground out 3-1 (Groundball, 34S, EV 66.3 MPH)
|
Batting: LHB Rogelio Nunez
|
0-0: Ball 1-0: Ball 2-0: Ball 3-0: Called Strike 3-1: Called Strike 3-2: Foul Ball, location: 2F 3-2: Base on Balls
|
Batting: LHB Carlos Cuellar
|
0-0: Ball 1-0: Ball 2-0: Swinging Strike 2-1: Swinging Strike 2-2: Foul Ball, location: 2F 2-2: Strikes out swinging
|
Top of the 5th over - 1 run, 1 hit, 0 errors, 1 left on base; San Diego (APP) 1 - Bristol 2 |
BOTTOM OF THE 5TH |
Bristol Pirates batting - Pitching for San Diego (APP) Padres : RHP Roger Watkins
|
Batting: RHB Gilberto Victoria
|
0-0: Foul Ball, location: 2F 0-1: Foul Ball, location: 2F 0-2: Strikes out looking
|
Batting: RHB Rob Colley
|
0-0: Called Strike 0-1: Called Strike 0-2: Foul Ball, location: 2F 0-2: Ball 1-2: Ball 2-2: Strikes out swinging
|
Batting: RHB Perry Dominey
|
0-0: Ground out 5-3 (Groundball, 5, EV 79.4 MPH)
|
Bottom of the 5th over - 0 runs, 0 hits, 0 errors, 0 left on base; San Diego (APP) 1 - Bristol 2 |
TOP OF THE 6TH |
San Diego (APP) Padres batting - Pitching for Bristol Pirates : RHP George Sechler
|
Batting: RHB Aaron Joseph
|
0-0: Ball 1-0: Ball 2-0: Foul Ball, location: 2F 2-1: Called Strike 2-2: Foul Ball, location: 2F 2-2: SINGLE (Groundball, 56D, EV 108.1 MPH)
|
Batting: LHB Ramon Padilla
|
0-0: Ball 1-0: Ball Aaron Joseph steals 2nd base 2-0: Fly out, F6 (Popup, 56D, EV 56.3 MPH)
|
Batting: RHB Tyler West
|
0-0: Ball 1-0: Reached on error, E6 (Groundball, 6, EV 110.0 MPH) Aaron Joseph to third
|
Batting: RHB Max Stillo
|
0-0: Ball 1-0: Ball 2-0: Called Strike 2-1: Ball 3-1: Base on Balls Tyler West to second
|
Pitching: LHP Phil DeCamp
|
|
Batting: RHB Brent Little
|
0-0: Called Strike 0-1: Foul Ball, location: 2F 0-2: Strikes out swinging
|
Batting: RHB Justin Blount
|
0-0: Called Strike 0-1: Foul Ball, location: 2F 0-2: Ball 1-2: GRAND SLAM HOME RUN (Flyball, 7D, EV 101.3 MPH), Distance : 397 ft
|
Batting: RHB Ryan Tatum
|
0-0: Ball 1-0: Foul Ball, location: 2F 1-1: Fly out, F9 (Line Drive, 9D, EV 105.0 MPH)
|
Top of the 6th over - 4 runs, 2 hits, 1 error, 0 left on base; San Diego (APP) 5 - Bristol 2 |
BOTTOM OF THE 6TH |
Bristol Pirates batting - Pitching for San Diego (APP) Padres : RHP Roger Watkins
|
Pitching: RHP Brian McDaniel
|
|
Batting: RHB Randy Bergman
|
0-0: Ball 1-0: DOUBLE (Line Drive, 78XD, EV 100.6 MPH)
|
Batting: RHB Etsuro Hosokawa
|
0-0: Ball 1-0: Foul Ball, location: 2F 1-1: Ball 2-1: Foul Ball, location: 2F 2-2: Strikes out looking
|
Batting: RHB Jaime Dubicki
|
0-0: Foul Ball, location: 2F 0-1: Ball 1-1: Called Strike 1-2: Foul Ball, location: 2F 1-2: Ball 2-2: SINGLE (Groundball, 3D, EV 97.5 MPH) Randy Bergman to third Runner from 3rd tries for Home, SAFE, throw by RF to home
|
Batting: LHB Tomohiro Yokoyama
|
0-0: Ball 1-0: Foul Ball, location: 2F 1-1: Ball 2-1: Reached on error, E5 (Groundball, 56S, EV 85.6 MPH) Jaime Dubicki to second
|
Batting: RHB Pete Hutton
|
0-0: Ball 1-0: Called Strike 1-1: Fielders Choice at 2nd, 3-6 (Groundball, 34S, EV 84.4 MPH) Jaime Dubicki to third
|
Batting: RHB Andrew DeRicco
|
0-0: Ball 1-0: Ball 2-0: Foul Ball, location: 2F 2-1: Ball 3-1: Called Strike 3-2: Fly out, F7 (Flyball, 7D, EV 90.6 MPH)
|
Bottom of the 6th over - 1 run, 2 hits, 1 error, 2 left on base; San Diego (APP) 5 - Bristol 3 |
TOP OF THE 7TH |
San Diego (APP) Padres batting - Pitching for Bristol Pirates : LHP Phil DeCamp
|
Batting: LHB Rogelio Nunez
|
0-0: Called Strike 0-1: Swinging Strike 0-2: DOUBLE (Flyball, 89D, EV 101.3 MPH)
|
Batting: LHB Carlos Cuellar
|
0-0: Called Strike 0-1: Ball 1-1: Ball Passed Ball! Rogelio Nunez to third 2-1: Ball 3-1: Ground out 4-3 (Groundball, 4S, EV 83.1 MPH)
|
Pitching: LHP Norm Silveira-Wray
|
|
Batting: RHB Aaron Joseph
|
0-0: Swinging Strike 0-1: Foul Ball, location: 2F 0-2: Foul Ball, location: 2F 0-2: Strikes out swinging
|
Batting: LHB Ramon Padilla
|
0-0: Ball 1-0: Ball 2-0: Foul Ball, location: 2F 2-1: Ball 3-1: Fly out, F9 (Line Drive, 9, EV 103.1 MPH)
|
Top of the 7th over - 0 runs, 1 hit, 0 errors, 1 left on base; San Diego (APP) 5 - Bristol 3 |
BOTTOM OF THE 7TH |
Bristol Pirates batting - Pitching for San Diego (APP) Padres : RHP Brian McDaniel
|
Pitching: RHP Eric Busby
|
|
Batting: RHB Gilberto Victoria
|
0-0: Called Strike 0-1: Swinging Strike 0-2: Ball 1-2: Foul Ball, location: 2F 1-2: Ground out 6-3 (Groundball, 6S, EV 90.6 MPH)
|
Batting: RHB Rob Colley
|
0-0: Ground out 4-3 (Groundball, 4, EV 101.9 MPH)
|
Batting: RHB Perry Dominey
|
0-0: Ball 1-0: Fly out, F9 (Flyball, 9D, EV 101.3 MPH)
|
Bottom of the 7th over - 0 runs, 0 hits, 0 errors, 0 left on base; San Diego (APP) 5 - Bristol 3 |
TOP OF THE 8TH |
San Diego (APP) Padres batting - Pitching for Bristol Pirates : LHP Norm Silveira-Wray
|
Batting: RHB Tyler West
|
0-0: Ball 1-0: Ball 2-0: SINGLE (Flyball, 3D, EV 93.8 MPH)
|
Batting: RHB Max Stillo
|
0-0: Foul Ball, location: 2F 0-1: Foul Ball, location: 2F 0-2: Foul Ball, location: 2F 0-2: Ball 1-2: Strikes out swinging
|
Batting: RHB Brent Little
|
0-0: Called Strike 0-1: SINGLE (Flyball, 5D, EV 83.1 MPH) Tyler West to second
|
Pitching: RHP Doug Rawson
|
|
Batting: RHB Justin Blount
|
0-0: Called Strike 0-1: Ball 1-1: Ball 2-1: Ball 3-1: Base on Balls Tyler West to third Brent Little to second
|
Batting: RHB Ryan Tatum
|
0-0: Grounds into fielders choice 4-2 (Groundball, 4, EV 89.4 MPH) Brent Little to third Justin Blount to second
|
Batting: LHB Rogelio Nunez
|
0-0: Ball 1-0: Ball 2-0: Called Strike 2-1: Ball 3-1: Base on Balls Brent Little scores Justin Blount to third Ryan Tatum to second
|
Batting: LHB Carlos Cuellar
|
0-0: Foul Ball, location: 2F 0-1: Called Strike 0-2: Strikes out looking
|
Top of the 8th over - 1 run, 2 hits, 0 errors, 3 left on base; San Diego (APP) 6 - Bristol 3 |
BOTTOM OF THE 8TH |
Bristol Pirates batting - Pitching for San Diego (APP) Padres : RHP Eric Busby
|
Batting: RHB Randy Bergman
|
0-0: Called Strike 0-1: Foul Ball, location: 2F 0-2: Ball 1-2: Ball 2-2: Fly out, F8 (Line Drive, 8RM, EV 100.0 MPH)
|
Batting: RHB Etsuro Hosokawa
|
0-0: Ball 1-0: Ground out 5-3 (Groundball, 56S, EV 78.1 MPH)
|
Batting: RHB Jaime Dubicki
|
0-0: Ball 1-0: Ball 2-0: Called Strike 2-1: Ball 3-1: Foul Ball, location: 2F 3-2: Strikes out swinging
|
Bottom of the 8th over - 0 runs, 0 hits, 0 errors, 0 left on base; San Diego (APP) 6 - Bristol 3 |
TOP OF THE 9TH |
San Diego (APP) Padres batting - Pitching for Bristol Pirates : RHP Doug Rawson
|
Pitching: RHP Ian Ferrara
|
|
Batting: RHB Aaron Joseph
|
0-0: Called Strike 0-1: Foul Ball, location: 2F 0-2: Strikes out swinging
|
Batting: LHB Ramon Padilla
|
0-0: Ball 1-0: Foul Ball, location: 2F 1-1: Swinging Strike 1-2: DOUBLE (Line Drive, 7LS, EV 109.4 MPH)
|
Batting: RHB Tyler West
|
0-0: Called Strike 0-1: SINGLE (Flyball, 89S, EV 82.5 MPH) Ramon Padilla to third
|
Batting: RHB Max Stillo
|
0-0: Ball 1-0: Ball 2-0: Ball 3-0: Called Strike 3-1: Foul Ball, location: 2F 3-2: SINGLE (Groundball, 25, EV 65.0 MPH) (infield hit) Tyler West to second
|
Batting: RHB Brent Little
|
0-0: Foul Ball, location: 2F 0-1: Swinging Strike 0-2: Strikes out swinging
|
Pitching: RHP Hugo Rodriguez
|
|
Batting: RHB Justin Blount
|
0-0: Ball 1-0: Called Strike 1-1: GRAND SLAM HOME RUN (Flyball, 7D, EV 101.3 MPH), Distance : 388 ft
|
Batting: RHB Ryan Tatum
|
0-0: Ball 1-0: Ball 2-0: Foul Ball, location: 2F 2-1: Called Strike 2-2: Ground out 6-3 (Groundball, 6, EV 82.5 MPH)
|
Top of the 9th over - 4 runs, 4 hits, 0 errors, 0 left on base; San Diego (APP) 10 - Bristol 3 |
BOTTOM OF THE 9TH |
Bristol Pirates batting - Pitching for San Diego (APP) Padres : RHP Eric Busby
|
Batting: LHB Tomohiro Yokoyama
|
0-0: Ball 1-0: Ball 2-0: Ground out 6-3 (Groundball, 6S, EV 84.4 MPH)
|
Batting: RHB Pete Hutton
|
0-0: Foul Ball, location: 2F 0-1: Ball 1-1: Ball 2-1: Fly out, F8 (Line Drive, 8RD, EV 94.4 MPH)
|
Batting: RHB Andrew DeRicco
|
0-0: Swinging Strike 0-1: Ball 1-1: Foul Ball, location: 2F 1-2: Strikes out swinging
|
Bottom of the 9th over - 0 runs, 0 hits, 0 errors, 0 left on base; San Diego (APP) 10 - Bristol 3 |
|